 Dungeon Crawl Stone Soup version 0.21.1-1-g345015f (webtiles) character file.

170 Dfrag the Changer (level 5, -1/50 HPs)
             Began as a Naga Transmuter on Feb 11, 2018.
             Slain by a scorpion (2 damage)
             ... on level 4 of the Dungeon.
             The game lasted 00:02:59 (1925 turns).

Dfrag the Changer (Naga Transmuter)                 Turns: 1925, Time: 00:02:59

Health: -1/50      AC:  3    Str: 13    XL:     5   Next: 51%
Magic:  16/17      EV: 12    Int: 13    God:
Gold:   144        SH:  3    Dex: 12    Spells: 7/8 levels left

rFire    . . .     SeeInvis +     - Unarmed
rCold    . . .     Gourm    .   (no shield)
rNeg     . . .     Faith    .   b - +0 robe
rPois    +         Spirit   .   (no helmet)
rElec    .         Reflect  +   (no cloak)
rCorr    .         Harm     .   n - +0 pair of gloves {archery}
MR       .....                  (no barding)
Stlth    +.........             q - +3 amulet of reflection
HPRegen  0.16/turn              o - ring of magical power (curse)
MPRegen  0.15/turn              (no ring)

@: lethally poisoned (-1 -> -6), short of breath, appendage, very slow
A: large, horns 2, repulsion field 1, see invisible, deformed body, poison
resistance, slowness 2, slow metabolism 1, spit poison 1, subdued magic 1, AC +1
a: Spit Poison, End Transformation


You were on level 4 of the Dungeon.
You were very hungry.
You had grown temporary horns.
You visited 1 branch of the dungeon, and saw 4 of its levels.

You collected 144 gold pieces.

Inventory:

Missiles
 a - 34 arrows
Armour
 b - a +0 robe (worn)
 n - a +0 pair of gloves of archery (worn)
Jewellery
 o - a cursed ring of magical power (left hand)
 q - a +3 amulet of reflection (around neck)
Wands
 p - a wand of random effects (22)
Scrolls
 e - a scroll of enchant armour {unknown}
 g - 3 scrolls of identify {unknown}
 i - a scroll of noise {unknown}
 j - a scroll of remove curse {unknown}
 k - 2 scrolls of teleportation {unknown}
 l - a scroll of enchant weapon {unknown}
 m - a scroll of immolation {unknown}
Potions
 h - a potion of berserk rage {unknown}
 r - a potion of agility {unknown}
Books
 c - a book of Changes

   Spells                             Type                      Level
   a - Beastly Appendage              Transmutation                1
   b - Sticks to Snakes               Transmutation                2
   c - Spider Form                    Transmutation/Poison         3
   d - Ice Form                       Ice/Transmutation            4
   e - Blade Hands                    Transmutation                5
Comestibles
 d - 4 rations


   Skills:
 + Level 3.6 Fighting
 - Level 1.5 Dodging
 - Level 3.0 Unarmed Combat
 - Level 2.0 Spellcasting
 + Level 4.1 Transmutations


You had 7 spell levels left.
You knew the following spells:

 Your Spells              Type           Power        Failure   Level  Hunger
a - Beastly Appendage     Tmut           #.....       3%          1    ##.....


Dungeon Overview and Level Annotations

Branches:
Dungeon (4/15)
 Temple: D:4-7

Altars:
The Shining One


Innate Abilities, Weirdness & Mutations

You cannot wear boots.
Your serpentine skin is tough. (AC +1)
You have supernaturally acute eyesight. (SInv)
Armour fits poorly on your strangely shaped body.
Your system is resistant to poisons. (rPois)
You cover ground very slowly.
You have a slow metabolism.
You can spit poison.
You have a pair of horns on your head.
You are surrounded by a mild repulsion field. (EV +2)
Your spells are a little easier to cast, but a little less powerful.


Message History

The splash of poison hits the scorpion.
The scorpion is poisoned.
The scorpion is moderately wounded.
You feel slightly more hungry. The scorpion stings you.
Unknown command.
The scorpion barely misses you.
You hit the scorpion but do no damage.
The scorpion is heavily wounded.
The scorpion stings you!
* * * LOW HITPOINT WARNING * * *
You are poisoned.
The scorpion poisons you!
You completely miss the scorpion.
The scorpion is heavily wounded.
You feel sick. The scorpion stings you!
* * * LOW HITPOINT WARNING * * *
It was a potion of mutation.
You feel extremely strange.
Your connection to magic feels subdued.
You begin to radiate repulsive energy.
* * * LOW HITPOINT WARNING * * *
You feel sick. The scorpion stings you.
You die...

.. .. #.###.
.## #.... # ...
#... #.#
.##.##..## ....
.........#.>..#
.##........# #
###...####..#
#...s@....#
#........##
##.####### ...
#... #... #...
#...


You could see a scorpion.

Vanquished Creatures
  A bullfrog zombie (D:4)
  Ijyb (D:2)
  3 adders
  A gnoll (D:4)
  2 oozes
  A worm (D:3)
  2 leopard geckos
  6 orcs (D:3)
  A ball python (D:2)
  3 giant cockroaches
  7 hobgoblins
  8 bats
  4 frilled lizards
  11 goblins
  6 kobolds
  2 rats
59 creatures vanquished.

Notes
Turn   | Place    | Note
-------+----------+-------------------------------------------
     0 | D:1      | Dfrag the Naga Transmuter began the quest for the Orb.
     0 | D:1      | Reached XP level 1. HP: 18/18 MP: 3/3
   218 | D:1      | Reached XP level 2. HP: 25/25 MP: 3/5
   807 | D:1      | Reached XP level 3. HP: 28/32 MP: 4/6
   926 | D:2      | Reached skill level 3 in Transmutations
  1015 | D:2      | Found a glowing golden altar of the Shining One.
  1325 | D:2      | Noticed Ijyb
  1341 | D:2      | Reached XP level 4. HP: 35/40 MP: 7/7
  1347 | D:2      | Killed Ijyb
  1653 | D:3      | Reached XP level 5. HP: 41/49 MP: 8/8
  1901 | D:4      | Reached skill level 4 in Transmutations
  1924 | D:4      | HP: 2/50 [scorpion (8)]
  1925 | D:4      | Gained mutation: Your spells are a little easier to cast, but a little less powerful. [potion of mutation]
  1925 | D:4      | Gained mutation: You are surrounded by a mild repulsion field. (EV +2) [potion of mutation]
  1925 | D:4      | Slain by a scorpion

Skill      XL: |  1  2  3  4  5 |
---------------+----------------+-----
Fighting       | 2 3 |  3.6
Transmutations | 3 4 |  4.1
Dodging        | |  1.5
Unarmed Combat | |  3.0
Spellcasting   | |  2.0

Action                   |  1- 3 |  4- 6 || total
-------------------------+-------+-------++-------
Melee: Unarmed           |    68 |    91 ||   159
       Headbutt          |     5 |    12 ||    17
       Punch             |     1 |     1 ||     2
 Cast: Beastly Appendage |    19 |    15 ||    34
 Abil: Spit Poison       |    25 |     9 ||    34
  Use: Potion            |       |     1 ||     1
  Eat: Chunk             |     3 |     1 ||     4
Armor: Robe              |    25 |    13 ||    38
Dodge: Dodged            |    52 |    46 ||    98
Block: Other             |     1 |    13 ||    14
